 Dungeon Crawl Stone Soup version 0.18-a0-1323-g706dcef (webtiles) character file.

350 Ratboiler the Skirmisher (level 6, -10/57 HPs)
             Began as a Deep Elf Wanderer on Feb 15, 2016.
             Mangled by Pikel
             ... wielding a +1 whip of electrocution
              (20 damage)
             ... on level 5 of the Dungeon.
             The game lasted 00:10:50 (4868 turns).

Ratboiler the Skirmisher (Deep Elf Wanderer)        Turns: 4868, Time: 00:10:50

Health: -10/57     AC: 23    Str:  9    XL:     6   Next: 33%
Magic:  12/12      EV:  2    Int: 19    God:
Gold:   158        SH:  0    Dex: 14    Spells: 1 memorised, 6 levels left

rFire  . . .     SeeInvis .     a - +2 spear
rCold  . . .     Gourm    .     (armour currently unavailable)
rNeg   + + +     Faith    .     (no shield)
rPois  +         Spirit   .     (helmet currently unavailable)
rElec  .         Dismiss  .     (cloak currently unavailable)
rCorr  .         Reflect  .     (gloves currently unavailable)
SustAt .         Harm     .     (boots currently unavailable)
MR     .....     NoTele   +     (no amulet)
Stlth  +.........               (no ring)
                                (no ring)

@: tree-form, not resistant to hostile enchantments, very unstealthy
A: no striking features
a: no special abilities


You were on level 5 of the Dungeon.
You were hungry.
You were a tree.
You visited 1 branch of the dungeon, and saw 5 of its levels.

You collected 158 gold pieces.

Inventory:

Hand Weapons
 a - a +2 spear (weapon)
 b - a +0 hunting sling
 I - a +0 hunting sling
Missiles
 h - 30 arrows
 j - 7 needles of frenzy
 l - 171 stones (quivered)
 r - 9 sling bullets of flame
 y - 13 sling bullets
Armour
 d - a +0 robe
 e - a +4 chain mail
 D - a +0 cloak (melded)
 F - a +2 animal skin (melded)
 G - a +1 helmet (melded)
Wands
 s - a wand of iceblast (4/15)
 E - a wand of acid (10/15)
Scrolls
 i - 2 scrolls of remove curse
 m - a scroll of enchant armour {unknown}
 p - a scroll of teleportation {unknown}
 q - a scroll of blinking {unknown}
 w - 3 scrolls of identify {unknown}
 x - a scroll of fog {unknown}
 A - a scroll of fear {unknown}
Potions
 g - a potion of heal wounds {unknown}
 k - a potion of might {unknown}
 o - 2 potions of agility {unknown}
 u - a potion of haste {unknown}
 z - 2 potions of curing
 B - a potion of resistance {unknown}
 H - a potion of brilliance {unknown}
Books
 c - the Reference Book on the Frostbite

   Spells                             Type                      Level
   a - Throw Frost                    Conjuration/Ice              2
   b - Ensorcelled Hibernation        Hexes/Ice                    2
 n - a book of Summonings

   Spells                             Type                      Level
   a - Recall                         Summoning/Translocation      3
   b - Aura of Abjuration             Summoning                    5
   c - Summon Demon                   Summoning                    5
   d - Summon Forest                  Summoning/Translocation      5
   e - Summon Mana Viper              Hexes/Summoning              5
   f - Shadow Creatures               Summoning                    6
Comestibles
 f - 3 bread rations
 v - 4 meat rations
 C - 3 fruits


   Skills:
 - Level 3.7 Fighting
 + Level 3.6 Polearms
   Level 1.0 Shields
 - Level 3.0 Spellcasting
 * Level 3.2 Summonings
   Level 1.1 Ice Magic
 - Level 1.1 Evocations


You had 6 spell levels left.
You knew the following spells:

 Your Spells              Type           Power        Failure   Level  Hunger
a - Summon Demon          Summ           ###.......   96%         5    ######.


Dungeon Overview and Level Annotations

Branches:
Dungeon (5/15)
 Temple: D:4-7

Altars:
Ashenzari
Elyvilon
Okawaru
The Shining One

Annotations:
D:4 Sigmund
D:5 Pikel; YrmMerkstave's ghost, novice DrMo


Message History

Pikel is severely wounded.
YrmMerkstave's ghost hits you but does no damage.
The giant newt bites you but does no damage.
Pikel hits you but does no damage.
You are electrocuted!
* * * LOW HITPOINT WARNING * * *
The sky beast hits you but does no damage.
You closely miss Pikel.
Pikel is severely wounded.
YrmMerkstave's ghost hits you but does no damage.
The giant newt bites you but does no damage.
The sky beast hits you but does no damage.
Pikel hits you but does no damage.
You barely miss Pikel.
Pikel is severely wounded.
YrmMerkstave's ghost breathes negative energy at you.
Helpless, you fail to dodge the bolt of negative energy.
You resist.
The giant newt bites you but does no damage.
Pikel hits you but does no damage.
You are electrocuted!
You die...

... ... ?..
... .... ..
....... ...#.
#.#<.. #
##....Y##.#
#.....W♣..#
......lK..#
..........>.#
.......##...#
#...... ...#
#...... #..#
....... ...
....... ##.#


You could see Pikel, a sky beast, YrmMerkstave's ghost and a giant newt.

Vanquished Creatures
  A slave (D:2)
  A hound (D:4)
  A hound skeleton (D:4)
  Robin (D:4)
  4 gnolls
  14 adders
  2 oozes
  6 worms
  3 giant geckos
  4 orcs (D:4)
  6 giant cockroaches
  18 goblins
  12 hobgoblins
  2 jackals (D:4)
  9 kobolds
  3 quokkas
  A ball python (D:3)
  4 bats
  2 giant newts
  8 rats
102 creatures vanquished.

Notes
Turn   | Place    | Note
--------------------------------------------------------------
     0 | D:1      | Ratboiler the Deep Elf Wanderer began the quest for the Orb.
     0 | D:1      | Ratboiler set off with: a +2 spear, a potion of lignification, the Reference Book on the Frostbite, a +0 robe, a bread ration
     0 | D:1      | Reached XP level 1. HP: 13/13 MP: 6/6
     0 | D:1      | Identified the Reference Book on the Frostbite
   115 | D:1      | Reached XP level 2. HP: 18/18 MP: 8/8
   440 | D:1      | Reached XP level 3. HP: 22/22 MP: 9/9
   968 | D:2      | Reached XP level 4. HP: 24/28 MP: 10/10
  1250 | D:2      | Found an iron altar of Okawaru.
  1923 | D:2      | Found an iron altar of Okawaru.
  1937 | D:2      | Reached XP level 5. HP: 31/33 MP: 11/11
  1955 | D:2      | Learned a level 5 spell: Summon Demon
  1988 | D:2      | Found a glowing golden altar of the Shining One.
  2302 | D:3      | Reached skill level 1 in Summonings
  2416 | D:3      | Found a white marble altar of Elyvilon.
  2941 | D:4      | Noticed an ogre
  3021 | D:4      | Found a shattered altar of Ashenzari.
  3410 | D:4      | Noticed Robin
  3439 | D:4      | Noticed a slave
  3440 | D:4      | Noticed Pikel
  3441 | D:4      | Noticed a slave
  3446 | D:4      | Noticed a slave
  3587 | D:3      | Reached XP level 6. HP: 20/38 MP: 12/12
  3681 | D:2      | Killed a slave
  4384 | D:4      | Killed Robin
  4817 | D:4      | Noticed Sigmund
  4834 | D:4      | Noticed a slave
  4841 | D:5      | Entered Level 5 of the Dungeon
  4841 | D:5      | Noticed a sky beast
  4847 | D:5      | Noticed YrmMerkstave's ghost (novice DrMo)
  4868 | D:5      | Mangled by Pikel

Vault maps used:
D:1:      minmay_arrival_split_and_join
D:2:      tso_oasis_becter, lemuel_doored_altar, first_bread,
          kennysheep_decorative_pillar, okawaru_ov_weapons_minmay
D:3:      overflow_temple_1_default
D:4:      old_standard_altar, uniq_robin, uniq_pikel, uniq_sigmund
D:5:      serial_shops, nicolae_shop_statue_plus

Action                   |  1- 3 |  4- 6 || total
-------------------------+-------+-------++-------
Melee: Spear             |    94 |   486 ||   580
 Fire: Hunting sling     |       |     7 ||     7
Throw: Stone             |     2 |       ||     2
  Use: Scroll            |       |     1 ||     1
       Potion            |       |     1 ||     1
  Eat: Chunk             |       |     9 ||     9
       Pizza             |       |     1 ||     1
       Fruit             |       |     1 ||     1
       Beef jerky        |       |     1 ||     1
